 Dungeon Crawl Stone Soup version 0.29.1-15-g9cfb28693d (webtiles) character file.

Game seed: 8960737168490060152

44 croobank the Sneak (level 3, -2/26 HPs)
             Began as an Octopode Delver on Mar 7, 2023.
             Killed from afar by Terence (18 damage)
             ... with a bolt of dispelling energy
             ... on level 2 of the Dungeon.
             The game lasted 00:05:00 (1191 turns).

croobank the Sneak (Octopode Delver)                Turns: 1191, Time: 00:05:00

Health: -2/26      AC:  1    Str: 11    XL:     3   Next: 62%
Magic:  3/3        EV: 13    Int: 14    God:
Gold:   117        SH:  5    Dex: 13    Spells: 2/2 levels left

rFire   . . .      SeeInvis .   a - +0 hand axe
rCold   . . .      Faith    .   (no shield)
rNeg    . . .      Spirit   .   (helmet restricted)
rPois   .          Reflect  +   g - amulet of reflection
rElec   .          Harm     .   (no ring)
rCorr   .          Rampage  .   (no ring)
Will    .....                   (no ring)
Stlth   ++++......              (no ring)
HPRegen 0.08/turn               (no ring)
MPRegen 0.08/turn               (no ring)
                                (no ring)
                                (no ring)

@: no status effects
A: almost no armour, amphibious, 8 rings, camouflage 1, gelatinous body 1,
(nimble swimmer 1), tentacles
a: no special abilities


You were on level 2 of the Dungeon.
You visited 1 branch of the dungeon, and saw 5 of its levels.

You collected 117 gold pieces.

Inventory:

Hand Weapons
 a - a +0 hand axe (weapon)
 h - a +0 dagger
Armour
 j - a +0 buckler
Jewellery
 g - an amulet of reflection (around mantle)
Wands
 f - a wand of digging (3)
Scrolls
 b - a scroll of fog
 d - 2 scrolls of fear
 i - a scroll of immolation {unknown}
 l - a scroll of identify {unknown}
Potions
 c - 2 potions of might
 e - a potion of haste
 k - a potion of brilliance {unknown}


   Skills:
 + Level 3.4 Fighting
 + Level 2.6 Axes
 + Level 2.5 Dodging
 + Level 7.0 Stealth


You had 2 spell levels left.
You didn't know any spells.
Your spell library contained the following spells:

 Spells                   Type           Power      Damage    Failure   Level
 Confusing Touch          Hex            0%         N/A       65%         3
 Gell's Gravitas          Tloc           0%         N/A       65%         3
 Lesser Beckoning         Tloc           0%         N/A       65%         3
 Teleport Other           Tloc           0%         N/A       65%         3
 Airstrike                Air            0%         2d(0-16)  96%         4
 Summon Lightning Spire   Summ/Air       0%         N/A       96%         4
 Lightning Bolt           Conj/Air       0%         1d11      100%        5
 Yara's Violent Unravell  Hex/Tmut       0%         3d3       100%        5
 Dispersal                Tloc           0%         N/A       100%        6
 Enfeeble                 Hex            0%         N/A       100%        7


Dungeon Overview and Level Annotations

Branches:
Dungeon (6/15)
 Temple: D:4-7

Altars:
Gozag

Shops:
D:4 *

Annotations:
D:2 Terence


Innate Abilities, Weirdness & Mutations

You cannot wear most types of armour.
You are amphibious.
You can wear up to eight rings at the same time.
Your skin changes colour to match your surroundings (Stealth+).
Your rubbery body absorbs attacks. (AC +1, EV +1)
((You are camouflaged when in or above water. (Stealth+)))
You have tentacles for arms and can constrict up to eight enemies at once.


Message History

You kill the frilled lizard!
The frilled lizard bites you. You block the frilled lizard's attack.
You barely miss the frilled lizard. Your grab misses the frilled lizard.
The frilled lizard bites you. The frilled lizard closely misses you.
You barely miss the frilled lizard. Your grab misses the frilled lizard.
The frilled lizard bites you.
You hit the frilled lizard.
You kill the frilled lizard!
You see here a frilled lizard corpse.
You open the door.
Found 17 gold pieces.
There is an open door here.
Found a faded altar of an unknown god.
You now have 117 gold pieces (gained 17).
(D) Dungeon
Where to? (? - help)
Okay, then.
Search for what [Enter for "gold", or ? for help]? goz
There is an open door here.
You see here a frilled lizard corpse.
There is an open door here.
There is an open door here.
Terence shouts!
You hit the plant.
The plant begins to die.
You grab the plant.
The plant is lightly damaged.
You hit the plant.
The plant begins to die.
You constrict the plant, but do no damage.
Okay, then.
It was a potion of might.
You feel very mighty all of a sudden.
You constrict the plant.
Terence zaps a wand.
The bolt of dispelling energy hits you!
Your magical effects are unravelling.
You release your grip on the plant.
You feel a little less mighty now.
Terence zaps a wand.
The bolt of dispelling energy hits you!!
Ouch! That really hurt!
You die...

###.###.... ........#
###.######### ### ###
....§♣.§♣♣..♣##♣.♣####..#
♣P♣♣.§♣§♣.♣...♣♣♣......♣♣
♣(♣.♣♣♣♣§♣♣♣♣....♣P♣..PP♣ ♣
♣♣.♣♣♣..♣P♣.♣♣.♣♣♣.♣♣♣♣
♣♣♣.♣.♣..♣..♣..P.♣....♣♣P.
♣P♣...♣..♣♣♣.P♣@....♣.♣...P
♣♣♣.♣.♣...♣P..8...♣.♣......♣
♣.♣♣..♣..P......#...#...♣..♣
P.♣).♣.P♣........@........♣..P
♣.♣♣.♣PPP.♣...#..._...#..P♣.P
..♣.♣♣♣P.♣..P.........).§♣..♣♣
♣.♣..♣P♣......P.#...#...P.P..
♣....♣..PP♣.......P....♣♣.P.
♣♣.P.PP♣..♣♣♣..♣♣..♣♣.♣§♣P.


You could see Terence.

Vanquished Creatures
  A gnoll (D:2)
  An adder (D:2)
  A bat (D:2)
  3 endoplasms
  A goblin (D:2)
  4 hobgoblins
  2 kobolds (D:2)
  5 quokkas (D:2)
  3 frilled lizards (D:2)
  3 rats (D:2)
24 creatures vanquished.

Vanquished Creatures (others)
  52 plants (D:2)
52 creatures vanquished.

Grand Total: 76 creatures vanquished

Notes
Turn   | Place    | Note
-------+----------+-------------------------------------------
     0 | D:5      | croobank the Octopode Delver began the quest for the Orb.
     0 | D:5      | Reached XP level 1. HP: 16/16 MP: 1/1
     3 | D:5      | Noticed an orc wizard
    20 | D:6      | Noticed a scorpion
    46 | D:5      | Noticed a jelly
    50 | D:4      | Noticed an iguana
   123 | D:4      | Found Zujo Xiafawk's General Store.
   250 | D:2      | Noticed Terence
   326 | D:2      | Found an opulent altar of Gozag.
   347 | D:2      | Reached XP level 2. HP: 8/21 MP: 2/2
   648 | D:2      | Reached XP level 3. HP: 20/26 MP: 3/3
   662 | D:2      | Identified the +2 ring mail of Shielding {Str+2 Dex+3}
  1004 | D:2      | Reached skill level 7 in Stealth
  1126 | D:2      | Found a faded altar of an unknown god.
  1191 | D:2      | Killed from afar by Terence

Illustrated notes

Levels and vault maps discovered:
D:2:      wad_woods_stonehenge, layout_loops_corners, basic_ecumenical_altar,
          minmay_strange_pillars, uniq_crazy_yiuf_cottage, uniq_terence
D:3:      layout_loops_ring, cheibrodos_sewer_entry_bend
D:4:      layout_basic, minmay_temple_entry_antechambers,
          ebering_ghost_rock_garden, serial_shops, nicolae_diamond_shop,
          hangedman_minor_gate_pass
D:5:      layout_cave_pools, serial_rivers, chequers_serial_rivers_micro_c,
          chequers_serial_rivers_micro_e, chequers_serial_rivers_room_a,
          chequers_serial_rivers_room_a, chequers_serial_rivers_room_a,
          chequers_serial_rivers_large_b, enter_ossuary_1, uniq_prince_ribbit1
D:6:      layout_basic, minmay_manual_mess

Skill      XL: |  1  2  3 |
---------------+----------+-----
Stealth        | 7 |  7.0
Fighting       | |  3.4
Axes           | |  2.6
Dodging        | |  2.5

Action                   || total
-------------------------++-------
Melee: Hand axe          ||    71
       Tentacles         ||    25
       Constrict         ||    23
       Punch             ||     1
  Use: Scroll            ||     1
       Potion            ||     1
 Stab: Sleeping          ||     8
Armor: Skin              ||     3
Dodge: Dodged            ||    22
Block: Other             ||     7
